 Dungeon Crawl Stone Soup version 0.30-a0-748-ge6a52f7cba (webtiles) character file.

Game seed: 7720564210125152396

140 Dittersdorf the Trooper (level 5, -3/33 HPs)
             Began as a Gargoyle Fighter on Feb 8, 2023.
             Slain by a gnoll
             ... wielding a +0 flail
              (6 damage)
             ... on level 4 of the Dungeon.
             The game lasted 00:02:07 (1274 turns).

Dittersdorf the Trooper (Gargoyle Fighter)          Turns: 1274, Time: 00:02:07

Health: -3/33      AC: 13    Str: 21    XL:     5   Next: 23%
Magic:  5/5        EV:  7    Int:  9    God:
Gold:   100        SH:  4    Dex:  9    Spells: 4/4 levels left

rFire   . . .      SeeInvis .    a - +0 flail
rCold   . . .      Faith    .    c - +0 buckler
rNeg    + . .      Spirit   .    r - +0 chain mail
rPois   ∞          Reflect  .    (no helmet)
rElec   +          Harm     .    (no cloak)
rCorr   .          Rampage  .    (no gloves)
Will    .....                    (no boots) Stlth
                                 (no amulet)
HPRegen 0.25/turn                (no ring)
MPRegen 0.09/turn                (no ring)

@: no status effects
A: sickness immunity, AC +4, negative energy resistance 1, electricity
resistance, torment resistance 1, petrification resistance
a: no special abilities


You were on level 4 of the Dungeon.
You visited 1 branch of the dungeon, and saw 3 of its levels.

You collected 100 gold pieces.

Inventory:

Hand Weapons
 a - a +0 flail (weapon)
Missiles
 g - 5 poisoned darts (quivered)
Armour
 c - a +0 buckler (worn)
 l - a +0 plate armour
 r - a +0 chain mail (worn)
Scrolls
 b - a scroll of identify {unknown}
 e - a scroll of acquirement {unknown}
 f - 4 scrolls of poison {unknown}
 h - a scroll of magic mapping {unknown}
 i - a scroll of fog {unknown}
 k - a scroll of noise {unknown}
 m - a scroll of teleportation {unknown}
 n - 2 scrolls of enchant armour {unknown}
 o - a scroll of blinking {unknown}
 q - a scroll of summoning {unknown}
Potions
 d - a potion of might
 j - a potion of degeneration {unknown}
 p - a potion of curing {unknown}


   Skills:
 + Level 4.2 Fighting
 + Level 3.1 Maces & Flails
 + Level 4.2 Armour
 + Level 4.2 Shields


You had 4 spell levels left.
You didn't know any spells.
Your spell library was empty.

Dungeon Overview and Level Annotations

Branches:
Dungeon (2/15)

Altars:
Cheibriados
Qazlal


Innate Abilities, Weirdness & Mutations

You are immune to sickness and miasma.
Your stone body is resilient. (AC +4)
You are immune to poison.
You resist negative energy. (rN+)
You are resistant to electric shocks. (rElec)
You are resistant to unholy torment.
You are immune to petrification.


Message History

The gnoll hits you with a +0 spear.
You completely miss the gnoll.
The gnoll is almost dead.
The gnoll hits you with a +0 spear. The gnoll completely misses you.
You barely miss the gnoll.
The gnoll is almost dead.
The gnoll hits you but does no damage.
You closely miss the gnoll.
The gnoll is almost dead.
You barely miss the gnoll.
The gnoll is almost dead.
The gnoll hits you from afar with a +0 spear.
The gnoll hits you but does no damage.
You hit the gnoll.
You kill the gnoll!
The gnoll hits you but does no damage.
The gnoll hits you from afar with a +0 spear.
The gnoll hits you but does no damage.
You barely miss the gnoll. The gnoll closely misses you.
The gnoll hits you with a +0 flail. The gnoll hits you but does no damage.
You barely miss the gnoll. The gnoll hits you with a +0 flail.
The gnoll hits you but does no damage. The gnoll hits you with a +0 spear.
* * * LOW HITPOINT WARNING * * *
You are too injured to fight recklessly!
You are too injured to fight recklessly!
You are too injured to fight recklessly!
You are too injured to fight recklessly!
You are too injured to fight recklessly!
You are too injured to fight recklessly!
You are too injured to fight recklessly!
You are too injured to fight recklessly!
You are too injured to fight recklessly!
You are too injured to fight recklessly!
You are too injured to fight recklessly!
You are too injured to fight recklessly!
You are too injured to fight recklessly!
The gnoll hits you with a +0 spear!
* * * LOW HITPOINT WARNING * * *
The gnoll attacks as you move away! The gnoll hits you with a +0 flail.
You die...

#................
#................ .
#................
..#######................
.............#####......
.#..........#...#......
..##........#...'......
##.......#...#......
##@)....#...#......
#gg....#...###'###
#.#+####...##.....
#.g....#....#......
...#....#....#......
..... ....#....#......
...#... #...#....#######
.. #'## ...'....#...... g
.. ...##...#......


You could see 3 gnolls.

Vanquished Creatures
  A scorpion (D:4)
  An orc priest (D:4)
  A gnoll (D:4)
  An adder (D:2)
  2 orcs (D:4)
  4 endoplasms (D:1)
  3 giant cockroaches
  A goblin (D:1)
  4 hobgoblins
  2 quokkas (D:4)
  A ball python (D:2)
  4 bats
  3 kobolds
  A rat (D:1)
29 creatures vanquished.

Notes
Turn   | Place    | Note
-------+----------+-------------------------------------------
     0 | D:1      | Dittersdorf the Gargoyle Fighter began the quest for the
                  | Orb.
     0 | D:1      | Reached XP level 1. HP: 14/14 MP: 1/1
    75 | D:1      | Reached XP level 2. HP: 18/19 MP: 2/2
   139 | D:1      | Found a faded altar of an unknown god.
   774 | D:2      | Reached XP level 3. HP: 22/24 MP: 3/3
   816 | D:2      | Found a stormy altar of Qazlal.
   852 | D:2      | You fall into a shaft and drop 2 floors!
   853 | D:4      | yay!
   873 | D:4      | Noticed a scorpion
   889 | D:4      | Killed a scorpion
   890 | D:4      | Reached XP level 4. HP: 28/29 MP: 4/4
   900 | D:4      | Found a snail-covered altar of Cheibriados.
  1035 | D:4      | Reached XP level 5. HP: 18/33 MP: 5/5
  1274 | D:4      | Slain by a gnoll

Illustrated notes

#...+
#...#
#...#
#...#
##...#
#....#
#....#
#...@#
#....#
+....#
##...#
#..?#
#...#
#...+
#...#


Turn 853 on D:4: yay!

Levels and vault maps discovered:
D:1:      roderic_dead_forest, layout_loops_ring,
          shapermc_ecumenical_altar_flowoftime, minivault_11,
          minmay_misc_feat_square
D:2:      layout_loops_ring, basic_altar, serial_shops, shop,
          minmay_split_cup_large
D:4:      layout_gridville, mainiacjoe_overflow_brackets,
          minmay_temple_entry_wispy, serial_glass, glass_columns_b,
          glass_columns_a

Skill      XL: |  1  2  3  4 |
---------------+-------------+-----
Fighting       | 4 |  4.2
Armour         | 4 |  4.2
Shields        | 4 |  4.2
Maces & Flails | 3 |  3.1

Action                     |  1- 3 |  4- 6 || total
---------------------------+-------+-------++-------
  Melee: Flail             |    91 |    46 ||   137
 Armour: Scale mail        |    67 |    19 ||    86
         Chain mail        |       |     7 ||     7
  Dodge: Dodged            |    67 |    26 ||    93
  Block: Buckler           |    25 |    11 ||    36

Table legend: (Time is in decaauts)
 A = Elapsed time spent in this place.
 B = Non-inter-level travel time spent in this place.
 C = Inter-level travel time spent in this place.
 D = Time resting spent in this place.
 E = Time spent auto-exploring this place.
 F = Levels seen in this place.
 G = Mean time per level.
                   A        B        C        D        E       F      G
               +--------+--------+--------+--------+--------+-----+--------+
         Total |   1316 |   1278 |     38 |     71 |    857 |   3 |  438.7 |
       Dungeon |   1316 |   1278 |     38 |     71 |    857 |   3 |  438.7 |
               +--------+--------+--------+--------+--------+-----+--------+

Top non-repeatable levels by time:
     D:1: 743 daAuts
     D:4: 441 daAuts
     D:2: 132 daAuts
